Map: Tourmaline LE

Players

Lambo - Winner!

  • Race: Zerg Zerg
  • League: Grandmaster
  • Spawn Location: 1:00

Kelazhur

  • Race: Terran Terran
  • League: Master
  • Spawn Location: 7:00

VOD

Have the link to the VOD?

Description

Time

  • Played on: Jan. 30, 2026, 9:01 a.m.
  • Length: 20:36
Show
View Real Time Build Order
Export as new Build Order

Lambo Zerg - Winner!

Build Orders: Hatch First 

Get SALT Encoding   

  12  0:00  Drone  
  13  0:08  Drone  
  14  0:14  Extractor, Drone  
  15  0:21  Overlord  
  15  0:39  Drone  
  16  0:44  Hatchery  
  16  0:48  Drone  
  16  0:51  Drone  
  16  0:55  Drone  
  18  1:05  Extractor  
  18  1:10  Spawning Pool  
  16  1:13  Drone  
  16  1:17  Drone  
  18  1:27  Drone  
  19  1:37  Drone  
  20  1:48  Drone  
  21  1:57  Queen x2, Drone  
  21  1:58  Zergling x2  
  27  2:07  Zergling x2  
  28  2:09  Overlord  
  28  2:18  Hatchery  
  28  2:21  Drone  
  28  2:29  Drone x2  
  30  2:31  Drone  
  30  2:37  Queen  
  30  2:42  Overlord  
  32  2:46  Metabolic Boost  
  32  2:50  Drone  
  33  2:53  Drone  
  33  2:55  Drone  
  35  3:02  Drone  
  38  3:05  Drone  
  38  3:08  Drone x3  
  38  3:10  Queen  
  42  3:18  Queen, Extractor  
  44  3:21  Overlord  
  44  3:30  Overlord  
  44  3:33  Drone x3  
  47  3:39  Overlord  
  47  3:40  Drone x2  
  49  3:46  Overlord  
  49  3:50  Queen  
  49  3:51  Zergling x4  
  49  3:54  Drone x3  
  56  3:56  Drone  
  56  3:58  Drone x2  
  59  4:03  Drone x2  
  59  4:08  Zergling x2  
  62  4:11  Queen  
  62  4:14  Drone x2  
  66  4:17  Drone x4  
  66  4:18  Drone x2  
  66  4:23  Extractor  
  71  4:26  Baneling Nest  
  71  4:27  Zergling x6  
  73  4:40  Overlord  
  73  4:41  Overlord  
  73  4:44  Overlord, Hatchery  
  72  4:46  Spore Crawler  
  72  4:47  Spore Crawler  
  72  4:50  Spore Crawler  
  72  4:51  Drone x4  
  73  4:57  Queen, Lair  
  75  5:00  Overlord  
  75  5:01  Drone  
  75  5:03  Extractor  
  79  5:07  Drone x5  
  79  5:08  Drone  
  79  5:11  Baneling x2  
  79  5:12  Zergling x2  
  82  5:17  Drone x3  
  82  5:20  Drone x5  
  90  5:22  Baneling  
  90  5:23  Drone x2, Extractor  
  90  5:25  Drone  
  92  5:30  Baneling x2  
  92  5:34  Drone x5  
  97  5:38  Queen  
  97  5:41  Overlord, Evolution Chamber  
  97  5:45  Roach Warren  
  97  5:47  Zergling x4  
  96  5:50  Zergling x2  
  96  5:54  Zergling x2  
  96  5:55  Overlord  
  97  6:00  Overlord x2  
  97  6:02  Zergling x10  
  99  6:08  Zergling x8  
  99  6:09  Zergling x2  
  104  6:12  Zergling x2  
  104  6:14  Zergling x2, Queen  
  104  6:15  Queen  
  104  6:17  Zerg Melee Weapons Level 1  
  108  6:18  Centrifugal Hooks  
  108  6:21  Zergling x6  
  108  6:22  Baneling x2  
  108  6:24  Zergling x4  
  109  6:30  Zergling x2  
  109  6:31  Zergling x6  
  113  6:35  Zergling x2  
  102  6:42  Zergling x6  
  102  6:46  Roach x4  
  101  6:47  Glial Reconstitution  
  101  6:49  Roach x2  
  101  6:56  Extractor  
  101  6:57  Burrow, Extractor, Roach  
  101  6:58  Roach  
  103  7:02  Extractor  
  103  7:05  Extractor  
  103  7:06  Roach x3  
  107  7:12  Roach x3  
  112  7:18  Drone x2  
  112  7:22  Roach  
  112  7:28  Drone x3  
  117  7:30  Roach x2  
  117  7:34  Drone  
  120  7:37  Hatchery  
  120  7:42  Drone x2  
  121  7:50  Overlord x2  
  121  7:51  Hatchery, Infestation Pit, Evolution Chamber  
  119  7:54  Overlord  
  120  7:58  Roach  
  120  8:00  Overlord  
  120  8:02  Overlord  
  119  8:07  Overlord  
  119  8:09  Overlord  
  119  8:11  Roach x6  
  128  8:13  Zerg Missile Weapons Level 1  
  128  8:17  Zerg Melee Weapons Level 2, Roach x15  
  128  8:18  Zergling x2  
  128  8:19  Zergling x6  
  132  8:22  Zergling x10  
  132  8:27  Roach x18  
  143  8:28  Hive  
  143  8:33  Roach x2  
  147  8:36  Zergling x2, Roach x15  
  147  8:37  Tunneling Claws  
  148  8:42  Roach  
  148  8:47  Roach x5  
  160  8:51  Roach x7  
  158  8:56  Overlord  
  152  9:03  Roach x6, Overlord  
  152  9:05  Overlord  
  148  9:12  Zergling x14  
  148  9:15  Drone x4  
  145  9:20  Roach x5  
  147  9:24  Roach x2  
  143  9:31  Baneling x6  
  143  9:32  Zergling x4  
  143  9:34  Roach  
  143  9:36  Ravager x7  
  154  9:40  Zergling x2  
  154  9:41  Zergling x2  
  154  9:43  Zergling x2  
  154  9:45  Roach x4  
  165  9:46  Roach x10  
  165  9:47  Roach  
  165  9:48  Roach x5  
  165  9:49  Ravager x2  
  165  9:52  Hatchery  
  174  9:53  Roach x3  
  174  9:59  Roach x4  
  175  10:02  Roach x3  
  175  10:03  Roach x4  
  175  10:04  Roach x2  
  168  10:10  Roach x2  
  168  10:13  Roach x3  
  166  10:16  Roach x4  
  166  10:25  Roach x21, Viper  
  163  10:29  Zergling x2  
  163  10:30  Zergling x10  
  163  10:32  Overlord  
  169  10:40  Zergling x2  
  169  10:41  Ravager x2  
  166  10:43  Hatchery  
  166  10:45  Viper  
  166  10:46  Zergling x2  
  166  10:47  Zergling x6  
  170  10:53  Zergling x12  
  176  11:00  Zergling x4  
  177  11:05  Zergling x6  
  170  11:13  Zergling x2  
  170  11:14  Zergling x14  
  162  11:19  Zergling x10  
  162  11:24  Roach  
  162  11:25  Roach  
  158  11:31  Roach x3  
  162  11:36  Roach  
  158  11:42  Drone x7  
  158  11:45  Spire  
  157  11:48  Ravager x2  
  159  11:57  Zerg Melee Weapons Level 3  
  159  11:59  Adrenal Glands  
  159  12:01  Hatchery  
  159  12:02  Roach x2  
  159  12:07  Drone x2  
  163  12:15  Hatchery  
  163  12:16  Roach x2  
  163  12:18  Drone x3  
  163  12:19  Drone x2  
  171  12:23  Zerg Missile Weapons Level 2  
  171  12:32  Drone x4  
  175  12:38  Zergling x18  
  175  12:40  Evolution Chamber  
  179  12:50  Viper x2  
  179  12:52  Microbial Shroud  
  179  12:53  Greater Spire  
  179  12:54  Viper  
  179  12:55  Roach x7, Overlord  
  182  12:59  Drone x2  
  182  13:02  Spine Crawler  
  181  13:07  Zergling x6  
  184  13:18  Drone x3, Zergling x2  
  184  13:19  Zergling x20  
  198  13:22  Overseer  
  198  13:29  Baneling x18  
  198  13:35  Zergling x4  
  198  13:38  Overseer  
  198  13:40  Roach x7  
  200  13:48  Zergling x10  
  199  13:51  Baneling x3  
  199  13:52  Baneling x5  
  199  14:06  Zergling x12  
  188  14:11  Zergling x28  
  188  14:15  Roach  
  173  14:18  Zergling x30  
  173  14:23  Roach x4  
  167  14:31  Roach  
  167  14:32  Roach x4  
  167  14:38  Baneling x13, Viper x3  
  184  14:47  Zergling x6  
  184  14:48  Baneling  
  184  14:49  Baneling x10  
  187  14:58  Hatchery  
  186  15:02  Drone x3  
  186  15:04  Zergling x2  
  186  15:05  Zergling x2  
  185  15:11  Drone x3  
  187  15:15  Overseer  
  187  15:19  Zerg Flyer Armor Level 1  
  187  15:23  Spine Crawler, Drone  
  187  15:31  Spine Crawler  
  186  15:36  Extractor  
  186  15:39  Drone x2  
  186  15:40  Overlord x2  
  187  15:50  Hatchery  
  186  15:57  Spore Crawler, Drone x3  
  188  16:05  Zergling x24  
  198  16:12  Drone x2  
  200  16:25  Baneling x5  
  200  16:31  Zergling x12  
  198  16:38  Drone x3  
  178  16:40  Zergling x42  
  194  16:48  Ravager x5  
  194  16:53  Zergling x2  
  200  17:00  Zergling x8  
  200  17:06  Zergling x24  
  182  17:10  Zergling x4  
  182  17:11  Baneling x8  
  182  17:12  Baneling x2  
  182  17:13  Baneling x4  
  182  17:14  Ravager x2  
  181  17:16  Drone x3  
  181  17:22  Roach x7  
  198  17:31  Zergling x2  
  198  17:36  Zergling x20  
  189  17:41  Zergling x6  
  169  17:46  Roach x2  
  169  17:47  Viper  
  169  17:50  Zerg Missile Weapons Level 3, Zerg Ground Armor Level 1  
  167  17:51  Viper x2  
  167  17:54  Drone x3  
  167  17:55  Spine Crawler  
  164  18:00  Roach x6  
  164  18:04  Roach x5  
  169  18:12  Roach x10  
  186  18:18  Roach x23  
  186  18:19  Roach x2  
  187  18:25  Drone x3  
  187  18:26  Zergling x10  
  188  18:32  Roach x4  
  173  18:41  Drone x5  
  175  18:48  Drone x3  
  175  18:50  Extractor  
  175  18:53  Zergling x14, Ravager  
  175  18:54  Ravager x5  
  190  18:56  Ravager x2  
  192  19:04  Spore Crawler, Drone  
  192  19:05  Overlord x2, Spine Crawler  
  185  19:11  Drone x10  
  185  19:16  Drone x5  
  189  19:27  Spine Crawler  
  189  19:28  Spine Crawler  
  189  19:30  Zergling x32  
  195  19:34  Baneling x7, Ravager x4  
  198  19:39  Roach x6  
  198  19:40  Roach x5  
  198  19:44  Drone  
  193  19:53  Zergling x14  
  193  19:57  Zergling x10  
  200  20:04  Drone x2  
  200  20:05  Overlord  
  185  20:14  Zergling x30  
  185  20:15  Zergling x4  
Show
View Real Time Build Order
Export as new Build Order

Kelazhur Terran 

Build Orders: 2 Factory, Hellion Opening, Reaper Expand, Mech 

Get SALT Encoding   

  12  0:00  SCV  
  13  0:12  SCV  
  14  0:17  Supply Depot  
  14  0:24  SCV  
  15  0:39  SCV  
  15  0:40  Barracks  
  16  0:43  Refinery  
  16  0:51  SCV  
  17  1:03  SCV  
  18  1:15  SCV  
  19  1:26  Reaper  
  19  1:27  Orbital Command  
  20  1:39  Command Center  
  20  1:47  Supply Depot  
  20  1:53  SCV  
  21  1:58  Marine  
  22  2:05  SCV  
  23  2:08  Factory  
  23  2:17  SCV  
  23  2:21  Barracks Reactor  
  24  2:29  SCV  
  25  2:41  SCV  
  26  2:45  Command Center  
  26  2:51  Orbital Command  
  26  2:53  SCV  
  27  3:04  Hellion x2  
  31  3:05  SCV  
  32  3:13  Factory  
  32  3:18  SCV  
  33  3:21  SCV  
  33  3:22  Refinery  
  34  3:29  Hellion x2  
  34  3:30  SCV  
  34  3:34  SCV  
  40  3:36  Factory  
  40  3:43  SCV  
  40  3:46  SCV  
  42  3:52  Hellion x2  
  46  3:56  Barracks Tech Lab, SCV  
  46  4:00  Orbital Command  
  46  4:01  SCV  
  48  4:06  Supply Depot  
  48  4:07  Factory Tech Lab  
  48  4:08  SCV  
  49  4:13  SCV  
  49  4:14  Refinery  
  49  4:15  Hellion  
  52  4:20  SCV  
  53  4:25  SCV  
  53  4:28  SCV  
  53  4:29  Supply Depot  
  53  4:30  Refinery  
  55  4:32  Cyclone, SCV  
  55  4:35  Cyclone  
  55  4:38  SCV  
  63  4:41  SCV  
  63  4:45  SCV  
  67  4:46  Hellion x2  
  67  4:47  Mag-Field Accelerator  
  69  4:54  SCV  
  69  4:55  Supply Depot  
  69  4:59  Supply Depot, SCV  
  71  5:03  SCV  
  71  5:06  SCV  
  73  5:10  Supply Depot  
  73  5:11  Cyclone  
  76  5:17  Cyclone, SCV, Hellion x2  
  76  5:20  Supply Depot  
  84  5:25  SCV  
  85  5:35  SCV  
  86  5:38  Orbital Command  
  86  5:40  Hellion x2  
  90  5:43  SCV, Factory  
  90  5:44  Factory  
  90  5:47  SCV  
  88  5:52  Cyclone x2  
  88  5:56  SCV  
  93  6:03  Hellion x2, SCV  
  92  6:11  SCV x2  
  92  6:14  Armory  
  92  6:15  Engineering Bay  
  92  6:18  SCV  
  93  6:23  Infernal Pre-Igniter  
  93  6:24  Cyclone  
  98  6:25  Hellion  
  98  6:27  SCV x2  
  98  6:45  Hellion  
  98  6:46  Hellion, SCV  
  96  6:47  Hellion  
  96  6:51  SCV  
  94  6:54  SCV  
  94  6:59  Refinery x2, SCV  
  94  7:00  Command Center  
  96  7:07  SCV  
  97  7:09  Hellion  
  97  7:10  Siege Tank x2  
  97  7:11  Hellion x2  
  103  7:16  SCV  
  103  7:19  SCV  
  99  7:23  Factory Tech Lab, Factory Reactor  
  99  7:25  Terran Vehicle Weapons Level 1  
  99  7:26  Armory  
  99  7:30  Command Center  
  99  7:31  SCV x2  
  101  7:37  Supply Depot  
  101  7:38  Supply Depot x2  
  101  7:39  Hellion x2  
  101  7:42  Siege Tank  
  108  7:48  Supply Depot  
  108  7:49  Siege Tank x2  
  114  7:53  SCV  
  115  8:06  Missile Turret, SCV  
  115  8:10  SCV  
  115  8:11  SCV  
  115  8:14  Hellion x4, Siege Tank  
  115  8:18  Starport, Terran Vehicle And Ship Armor Level 1  
  126  8:23  Siege Tank x2  
  132  8:28  Supply Depot  
  132  8:30  Supply Depot  
  132  8:39  Hellion x4  
  140  8:49  Siege Tank  
  143  8:55  Siege Tank  
  146  9:06  SCV  
  146  9:09  Siege Tank, Hellion  
  151  9:10  Hellion  
  151  9:18  SCV x3  
  151  9:22  Siege Tank  
  154  9:25  Starport Reactor  
  154  9:27  Terran Vehicle Weapons Level 2  
  154  9:29  Factory x2  
  154  9:30  SCV x2  
  154  9:31  Factory, SCV  
  157  9:33  Cyclone  
  157  9:34  Hellion x3  
  157  9:36  Refinery, Supply Depot  
  166  9:41  Cyclone, Refinery  
  166  9:42  SCV x2  
  166  9:43  Hellion, SCV  
  174  9:47  SCV  
  175  9:54  Hellion  
  175  9:57  Hellion x2  
  151  10:02  SCV  
  151  10:05  Siege Tank  
  151  10:06  Hellion x2, Viking x2  
  149  10:11  SCV x2  
  149  10:13  Siege Tank  
  149  10:14  Planetary Fortress, SCV  
  148  10:15  Siege Tank  
  148  10:18  Missile Turret  
  152  10:23  SCV x2  
  152  10:26  SCV  
  152  10:35  SCV x2  
  154  10:38  SCV, Command Center  
  154  10:39  Terran Vehicle And Ship Armor Level 2  
  154  10:41  Cyclone  
  154  10:42  Viking  
  159  10:43  Factory Tech Lab x2  
  159  10:45  Cyclone  
  159  10:47  SCV x2  
  164  10:50  SCV  
  165  10:58  Siege Tank  
  165  10:59  Hellion  
  165  11:00  Hellion x3  
  158  11:13  Siege Tank  
  158  11:16  Siege Tank x2  
  158  11:17  Hellion x2  
  154  11:21  Viking x2, Hellion  
  154  11:25  Hellion x3  
  148  11:34  SCV x2  
  142  11:40  SCV x2  
  142  11:42  Command Center  
  142  11:46  SCV  
  142  11:47  Terran Vehicle Weapons Level 3  
  130  11:49  Missile Turret  
  130  11:50  SCV  
  130  11:52  Siege Tank x2  
  137  12:07  SCV x2  
  139  12:10  Factory Tech Lab  
  139  12:11  Siege Tank x2  
  139  12:13  Hellion x2  
  149  12:20  SCV x2  
  151  12:27  Siege Tank x3  
  160  12:32  SCV  
  160  12:33  Planetary Fortress  
  161  12:42  Siege Tank  
  162  12:45  Viking x2  
  160  12:53  Siege Tank  
  160  12:54  Hellion  
  160  12:55  Hellion x2  
  160  12:57  SCV  
  170  12:59  SCV x2, Refinery  
  170  13:00  Refinery  
  172  13:06  Command Center  
  172  13:10  Command Center  
  174  13:14  Sensor Tower  
  174  13:16  Missile Turret, Siege Tank x3  
  174  13:18  Hellion x2  
  185  13:34  Cyclone x2  
  185  13:39  Thor  
  185  13:40  Hellion  
  199  13:56  Command Center  
  199  14:00  Sensor Tower  
  199  14:03  Command Center, Sensor Tower  
  171  14:11  Siege Tank x2  
  171  14:12  Hellion x3  
  171  14:13  Cyclone x3  
  171  14:14  Hellion  
  161  14:22  Siege Tank  
  142  14:27  SCV x2  
  142  14:28  SCV  
  142  14:36  Orbital Command  
  142  14:38  SCV x2  
  143  14:39  SCV x2  
  143  14:42  Hellion x3  
  143  14:43  Siege Tank  
  154  14:49  Missile Turret, Terran Vehicle And Ship Armor Level 3  
  154  14:50  Sensor Tower  
  154  14:59  SCV  
  155  15:05  SCV  
  150  15:07  SCV  
  150  15:09  Siege Tank x3  
  150  15:10  Siege Tank x2  
  150  15:12  SCV x2  
  164  15:15  Siege Tank  
  164  15:17  Planetary Fortress, Orbital Command  
  167  15:30  SCV  
  167  15:31  SCV  
  169  15:37  Hellion x2  
  169  15:38  Hellion  
  169  15:41  Siege Tank x2  
  169  15:42  Siege Tank x2  
  187  15:59  Terran Ship Weapons Level 1, Hi-Sec Auto Tracking  
  187  16:03  Hellion  
  187  16:04  Hellion x2  
  193  16:07  Refinery, Missile Turret x2  
  193  16:11  Refinery  
  193  16:18  Command Center  
  193  16:20  Command Center  
  193  16:32  Factory Tech Lab  
  187  16:37  Siege Tank x5  
  187  16:38  Hellion x2  
  181  16:46  Smart Servos  
  177  16:49  SCV x8  
  181  16:56  Neosteel Armor  
  171  17:11  SCV  
  171  17:15  Hellion x5  
  179  17:18  Orbital Command  
  179  17:35  Hellion  
  179  17:36  Siege Tank x4  
  179  17:37  Siege Tank, Refinery  
  154  17:48  SCV  
  133  17:56  Siege Tank  
  129  18:00  Hellion x3  
  129  18:03  Hellion  
  129  18:05  Orbital Command x2  
  115  18:08  Siege Tank x4  
  115  18:09  Hellion  
  115  18:20  Orbital Command  
  115  18:21  SCV  
  115  18:22  SCV x2, Hellion  
  115  18:23  Hellion  
  122  18:28  Siege Tank  
  116  18:36  Cyclone, Orbital Command  
  116  18:40  Cyclone  
  118  18:43  Hellion  
  118  18:45  SCV x6  
  118  18:47  Hellion  
  127  19:01  Siege Tank x2  
  127  19:02  Siege Tank  
  136  19:11  Orbital Command  
  134  19:21  Hellion x2  
  134  19:29  Viking x2  
  123  19:38  Hellion x3, SCV x3  
  129  19:39  SCV x8  
  129  19:43  Siege Tank  
  143  19:47  Hellion x2  
  143  19:50  SCV  
  143  19:51  SCV x3  
  146  19:59  Viking  
  138  20:10  Hellion  
  138  20:11  Hellion  
  125  20:14  Hellion x4  
Tags
 
Add a new tag
Caveats
  • Supply blocks, unpowered buildings, or Contaminate may cause inaccurate times.
  • Supply counts are checked every 10 seconds.